 Dungeon Crawl Stone Soup version 0.32-a0-673-g3729bd50f8 (webtiles) character file.

Game seed: 2810227684677502740

2 tilp the Vexing (level 1, -1/13 HPs)
             Began as a Vampire Enchanter on Mar 10, 2024.
             Slain by a ball python (2 damage)
             ... on level 1 of the Dungeon.
             The game lasted 00:00:30 (59 turns).

tilp the Vexing (Vampire Enchanter)                   Turns: 59, Time: 00:00:31

Health: -1/13      AC:  2    Str:  7    XL:     1   Next: 33%
Magic:  3/3        EV:  2    Int: 17    God:
Gold:   32         SH:  0    Dex: 14    Spells: 4/4 levels left

rFire   . . .        a - +1 dagger
rCold   . . .        (no shield)
rNeg    . . .        b - +0 robe
rPois   .            (no helmet)
rElec   .            (no cloak)
rCorr   .            (no gloves)
SInv    +            (no boots)
Will    .....        (no amulet)
Stlth   +++          (no ring)
HPRegen 0.42/turn    (no ring)
MPRegen 0.08/turn

%: no passive effects
@: healing quickly, constricted
A: alive, fangs 3, see invisible, vampiric 1
a: Exsanguinate


You were on level 1 of the Dungeon.
You visited 1 branch of the dungeon, and saw 1 of its levels.

You collected 32 gold pieces.

Inventory:

Hand Weapons
 a - a +1 dagger (weapon)
Armour
 b - a +0 robe (worn)
Scrolls
 d - a scroll of teleportation {unknown}
Potions
 c - 2 potions of invisibility


   Skills:
 * Level 0.2 Fighting
 + Level 1.1 Short Blades
 + Level 2.2 Dodging
 + Level 4.4 Stealth
 + Level 2.0 Spellcasting
 + Level 4.4 Hexes


You had 4 spell levels left.
You didn't know any spells.
Your spell library contained the following spells:

 Spells                   Type           Power      Damage    Failure   Level
 Confusing Touch          Hex            16%        N/A       10%         3
 Tukima's Dance           Hex            16%        N/A       10%         3
 Ensorcelled Hibernation  Hex/Ice        18%        N/A       12%         2
 Dazzling Flash           Conj/Hex       18%        N/A       24%         3


Dungeon Overview and Level Annotations

Branches:
Dungeon (1/15)

Altars:


Innate Abilities, Weirdness & Mutations

Your natural rate of healing is accelerated.
You have razor-sharp teeth.
You have supernaturally acute eyesight. (SInv)
You are afflicted with vampirism.


Message History

Found 2 stones.
A ball python is nearby!
You see here 11 gold pieces.
You barely miss the ball python. The ball python bites you.
You hit the ball python.
The ball python is severely wounded.
The ball python barely misses you. x2
You hit the ball python.
You kill the ball python!
No target in view!
You now have 11 gold pieces.
Found a robe.
d - a scroll labelled BAM TIUQ URIA You now have 20 gold pieces (gained 9).
You now have 32 gold pieces (gained 12).
A kobold and an endoplasm come into view.
There are monsters nearby!
There are monsters nearby!
There are monsters nearby!
A giant cockroach and a ball python come into view.
Found 2 gold pieces.
The kobold shouts!
The ball python hisses angrily.
A quokka comes into view.
The endoplasm quivers.
The kobold misses you. The ball python closely misses you.
You hit the kobold.
You kill the kobold!
The ball python bites you. The ball python grabs you.
The ball python constricts you. The giant cockroach bites you.
The ball python bites you.
* * * LOW HITPOINT WARNING * * *
The ball python constricts you.
* * * LOW HITPOINT WARNING * * *
The ball python's grasp on you weakens, but your attempt to escape fails.
The endoplasm hits you.
* * * LOW HITPOINT WARNING * * *
The giant cockroach bites you.
* * * LOW HITPOINT WARNING * * *
The ball python bites you.
You die...

#...................
#..................#
#..................#
#############...........
.......## ##.###.......
........####..####......
........................
.........#########......
....r.J@.# #......
......)BS# #......
.........# ##.....
........## #....
..$....## ##### #######


You could see an endoplasm, a quokka, a giant cockroach and a ball python.

Vanquished Creatures
  A ball python (D:1)
  A kobold (D:1)
2 creatures vanquished.

Notes
Turn   | Place    | Note
-------+----------+-------------------------------------------
     0 | D:1      | tilp the Vampire Enchanter began the quest for the Orb.
     0 | D:1      | Reached XP level 1. HP: 13/13 MP: 3/3
    59 | D:1      | Slain by a ball python

Illustrated notes

Levels and vault maps discovered:
D:1:      amcnicky_arrival_wind_blow, layout_rooms, nrook_campfire

Action                     || total
---------------------------++-------
  Melee: Dagger            ||     4
 Armour: Robe              ||     9
  Dodge: Dodged            ||     4

Table legend: (Time is in decaauts)
 A = Elapsed time spent in this place.
 B = Non-inter-level travel time spent in this place.
 C = Inter-level travel time spent in this place.
 D = Time resting spent in this place.
 E = Time spent auto-exploring this place.
 F = Levels seen in this place.
 G = Mean time per level.
                   A        B        C        D        E       F      G
               +--------+--------+--------+--------+--------+-----+--------+
         Total |     58 |     58 |      0 |      0 |     44 |   1 |   58.0 |
       Dungeon |     58 |     58 |      0 |      0 |     44 |   1 |   58.0 |
               +--------+--------+--------+--------+--------+-----+--------+

Top non-repeatable levels by time:
     D:1: 58 daAuts
